 Dungeon Crawl Stone Soup version 0.29.1-12-g30fa7ad0bf (webtiles) character file.

Game seed: 4507639125671262773

49 DildoBatman the Conjurer (level 4, 0/32 HPs)
             Began as a Formicid Conjurer on Dec 16, 2022.
             Slain by an orc
             ... wielding a +0 short sword
              (3 damage)
             ... on level 2 of the Dungeon.
             The game lasted 00:02:13 (940 turns).

DildoBatman the Conjurer (Formicid Conjurer)         Turns: 940, Time: 00:02:13

Health: 0/32       AC:  2    Str: 12    XL:     4   Next: 2%
Magic:  8/8        EV: 12    Int: 19    God:
Gold:   50         SH:  0    Dex: 12    Spells: 5/8 levels left

rFire   . . .      SeeInvis +   a - +0 sling (vorpal)
rCold   . . .      Faith    .   (no shield)
rNeg    . . .      Spirit   .   l - +0 robe
rPois   .          Reflect  .   (helmet unavailable)
rElec   .          Harm     .   (no cloak)
rCorr   .          Rampage  .   (no gloves)
Will    .....                   (no boots)
Stlth   ++........              (no amulet)
HPRegen 0.10/turn               (no ring)
MPRegen 0.11/turn               (no ring)

@: no status effects
A: permanent stasis, dig shafts and tunnels, antennae 3, four strong arms
a: Dig, Shaft Self


You were on level 2 of the Dungeon.
You visited 1 branch of the dungeon, and saw 2 of its levels.

You collected 50 gold pieces.

Inventory:

Hand Weapons
 a - a +0 vorpal sling (weapon)
 b - a +1 vampiric hand axe
Missiles
 d - 5 poisoned darts
 j - 5 stones
Armour
 l - a +0 robe (worn)
Scrolls
 e - a scroll of vulnerability {unknown}
 f - 4 scrolls of identify {unknown}
 i - a scroll of fog {unknown}
Potions
 c - a potion of magic
 g - a potion of curing {unknown}
 h - 2 potions of lignification {unknown}
 k - a potion of brilliance {unknown}
 m - a potion of cancellation {unknown}


   Skills:
 * Level 1.5 Fighting
 * Level 1.4 Armour
 - Level 2.0 Dodging
 - Level 2.4 Stealth
 * Level 2.7 Spellcasting
 * Level 3.9 Conjurations


You had 5 spell levels left.
You knew the following spells:

 Your Spells              Type           Power      Damage    Failure   Level
a - Searing Ray           Conj           34%        2d5       4%          2
c - Magic Dart            Conj           68%        1d6       3%          1

Your spell library contained the following spells:

 Spells                   Type           Power      Damage    Failure   Level
 Dazzling Flash           Conj/Hex       20%        N/A       22%         3
 Fulminant Prism          Conj/Hex       5%         3d7       56%         4
 Iskenderun's Mystic Bla  Conj/Tloc      10%        2d4       56%         4


Dungeon Overview and Level Annotations

Branches:
Dungeon (2/15)

Altars:


Innate Abilities, Weirdness & Mutations

You cannot be hasted, slowed, berserked, paralysed or teleported.
You can dig through walls and to a lower floor.
You have a pair of large antennae on your head. (SInv)
Your four strong arms can wield two-handed weapons with a shield.


Message History

r - Retreat! s - Stop attacking. g - Guard the area. f - Follow me.
Anything else - Cancel.
You shout for attention!
The orc hits you with a +0 short sword. What are your orders? t - Shout!
Orders for allies: a - Attack new target. r - Retreat! s - Stop attacking. g - Guard the area. f - Follow me.
Anything else - Cancel.
You shout for attention!
The orc hits you but does no damage. The orc attacks as you move away!
The orc completely misses you. What are your orders? t - Shout!
Orders for allies: a - Attack new target. r - Retreat! s - Stop attacking. g - Guard the area. f - Follow me.
Anything else - Cancel.
You shout for attention!
The orc barely misses you. What are your orders? t - Shout!
Orders for allies: a - Attack new target. r - Retreat! s - Stop attacking. g - Guard the area. f - Follow me.
Anything else - Cancel.
You shout for attention!
The orc hits you but does no damage. What are your orders? t - Shout!
Orders for allies: a - Attack new target. r - Retreat! s - Stop attacking. g - Guard the area. f - Follow me.
Anything else - Cancel.
You shout for attention!
The orc hits you with a +0 short sword.
You die...

#..........#.#.########..#.
##..........#
#...........#. #....).#
##########.##. #$..^#)####
####...### #.{. #.)..##
#....### So{. ####..#
#####.#### ... ##.##
#.....# .. #.o###.##### .
#.@>...# #.###### #.# #.#
#.# #.# #.# #.


You could see an orc.

Vanquished Creatures
  An orc wizard (D:2)
  3 orcs (D:2)
  2 endoplasms (D:1)
  A giant cockroach (D:1)
  2 hobgoblins (D:1)
  2 jackals (D:2)
  A quokka (D:1)
  A ball python (D:1)
  A bat (D:1)
  A frilled lizard (D:2)
  3 goblins (D:1)
  A rat (D:2)
19 creatures vanquished.

Vanquished Creatures (others)
  15 plants (D:2)
15 creatures vanquished.

Grand Total: 34 creatures vanquished

Notes
Turn   | Place    | Note
-------+----------+-------------------------------------------
     0 | D:1      | DildoBatman the Formicid Conjurer began the quest for the
                  | Orb.
     0 | D:1      | Reached XP level 1. HP: 13/13 MP: 3/3
   226 | D:1      | Reached XP level 2. HP: 17/20 MP: 1/5
   229 | D:1      | Learned a level 2 spell: Searing Ray
   816 | D:2      | Reached skill level 1 in Fighting
   816 | D:2      | Reached skill level 1 in Armour
   816 | D:2      | Reached XP level 3. HP: 26/26 MP: 1/7
   902 | D:2      | Reached XP level 4. HP: 25/32 MP: 4/8
   940 | D:2      | Slain by an orc

Illustrated notes

Levels and vault maps discovered:
D:1:      eino_arrival_cavern_a, layout_loops_ring
D:2:      layout_basic, nicolae_grassy_gnolls, uniq_robin

Skill      XL: |  1  2 |
---------------+-------+-----
Dodging        | 2 |  2.0
Fighting       | 1 |  1.5
Armour         | 1 |  1.4
Stealth        | |  2.4
Spellcasting   | |  2.7
Conjurations   | |  3.9

Action                   |  1- 3 |  4- 6 || total
-------------------------+-------+-------++-------
Melee: Hand axe          |     9 |       ||     9
 Fire: Sling             |     6 |       ||     6
 Cast: Magic Dart        |    18 |       ||    18
       Searing Ray       |     2 |       ||     2
Armor: Robe              |     2 |     6 ||     8
Dodge: Dodged            |     4 |    14 ||    18
